[Event "Titled Tuesday Blitz October 31 Early 2023"]
[White "Muhammad Shahzeb"]
[Black "Iljin, Timofey"]
[WhiteFideId "7804806"]
[BlackFideId "14110180"]
[WhiteElo "2317"]
[BlackElo "2499"]
[Result "0-1"]
[Round "4"]
[TimeControl "180+1"]
[Date "2023.10.31"]
[WhiteClock "0:00:35"]
[BlackClock "0:01:47"]
[Board "129"]

1. e4 e5 2. Nf3 Nc6 3. d4 exd4 4. Nxd4 Bc5 5. Nxc6 Qf6 6. Qd2 dxc6 7. Bd3 Ne7 8. O-O Be6 9. Qg5 Qxg5 10. Bxg5 f6 11. Bc1 O-O-O 12. Kh1 h5 13. f4 h4 14. h3 Bd7 15. Bd2 Rhg8 16. Nc3 g5 17. e5 fxe5 18. fxg5 Bd4 19. Rab1 Rdf8 20. Ne4 Nf5 21. c3 Bb6 22. Be1 Be6 23. Nf6 Rxg5 24. Nh7 Ng3+ 25. Bxg3 Rxf1+ 26. Rxf1 Rxg3 27. Bf5 Bxf5 28. Rxf5 Re3 29. Rf1 Re2 30. Ng5 Rxb2 31. Nf3 e4 32. Nxh4 e3 33. Re1 e2 34. g4 Bf2 35. Nf3 Bxe1 36. Nxe1 Rb1 37. Kg2 Rxe1 0-1


[Site "https://www.chess.com"]

[Event "Titled Tuesday Blitz October 31 Early 2023"]
[White "Harriott, Tyrell"]
[Black "Pinero Rodriguez, Carlos Jose"]
[WhiteFideId "2086484"]
[BlackFideId "3901726"]
[WhiteElo "2317"]
[BlackElo "2499"]
[Result "1/2-1/2"]
[Round "4"]
[TimeControl "180+1"]
[Date "2023.10.31"]
[WhiteClock "0:00:03"]
[BlackClock "0:00:19"]
[Board "130"]

1. d4 Nf6 2. e3 e6 3. Bd3 c5 4. c3 b6 5. f4 Bb7 6. Nf3 a6 7. Nbd2 Qc7 8. O-O d6 9. Qe2 Nbd7 10. e4 Be7 11. e5 Nd5 12. Ne4 cxd4 13. cxd4 Nb4 14. Bb1 Rc8 15. Bd2 d5 16. Neg5 h6 17. Nh3 Qc4 18. Qe3 Nc2 19. Bxc2 Qxc2 20. Bc3 Qe4 21. Qd2 b5 22. a3 Nb6 23. Rae1 Qf5 24. Qe2 Nc4 25. Nf2 h5 26. Nd3 h4 27. Ng5 Rc6 28. Rd1 Nxa3 29. Nb4 Rc8 30. Ra1 Nc4 31. Nxa6 Bxa6 32. Rxa6 b4 33. Be1 Nxb2 34. Qxb2 Rc2 35. Qb3 O-O 36. Rb6 Bxg5 37. fxg5 Qe4 38. Qf3 Qxd4+ 39. Bf2 Qc4 40. Rb7 Rc1 41. Be1 Qe4 42. Rxf7 Qxf3 43. R7xf3 Rxf3 44. gxf3 b3 45. Bb4 b2 46. Ba3 Rxf1+ 47. Kxf1 b1=Q+ 48. Kg2 Qa2+ 49. Kh3 Qxa3 50. Kxh4 Qxf3 51. g6 Qf5 52. h3 Qxg6 1/2-1/2


[Site "https://www.chess.com"]

[Event "Titled Tuesday Blitz October 31 Early 2023"]
[White "Evdokimov, Alexey"]
[Black "Arutla, Aditya"]
[WhiteFideId "24162450"]
[BlackFideId "30961998"]
[WhiteElo "2314"]
[BlackElo "2498"]
[Result "1-0"]
[Round "4"]
[TimeControl "180+1"]
[Date "2023.10.31"]
[WhiteClock "0:00:43"]
[BlackClock "0:00:02"]
[Board "131"]

1. e3 e5 2. c4 Nf6 3. Nc3 d5 4. cxd5 Nxd5 5. Qc2 Nc6 6. a3 Nxc3 7. Qxc3 Bd6 8. Nf3 O-O 9. Bc4 Bg4 10. b4 Qe7 11. Bb2 Kh8 12. h3 Bd7 13. Rc1 a6 14. d4 exd4 15. Nxd4 Nxb4 16. Nc6 Qg5 17. Nxb4 Qxg2 18. Bd5 Qg6 19. h4 f6 20. h5 Qg5 21. h6 Bxb4 22. hxg7+ Kxg7 23. Qxb4 Qxd5 24. Qe7+ Qf7 25. Bxf6+ Kg6 26. Rg1+ Kh6 27. Bg7+ Kh5 28. Qg5# 1-0


[Site "https://www.chess.com"]

[Event "Titled Tuesday Blitz October 31 Early 2023"]
[White "Bilan, Danila"]
[Black "Petrova, Irina"]
[WhiteFideId "24161918"]
[BlackFideId "14124122"]
[WhiteElo "2486"]
[BlackElo "2313"]
[Result "0-1"]
[Round "4"]
[TimeControl "180+1"]
[Date "2023.10.31"]
[WhiteClock "0:00:01"]
[BlackClock "0:01:16"]
[Board "132"]

1. d4 d6 2. Nf3 g6 3. Bg5 Bg7 4. Nbd2 Nd7 5. e4 Ngf6 6. c3 O-O 7. Bc4 e5 8. O-O c6 9. a4 Qc7 10. Qc2 d5 11. dxe5 Nxe5 12. Nxe5 Qxe5 13. f4 Qe7 14. Bd3 Qc5+ 15. Kh1 dxe4 16. Nxe4 Nxe4 17. Bxe4 Be6 18. f5 Bd5 19. Bxd5 Qxd5 20. Rad1 Qc5 21. Rd7 Rae8 22. Rxb7 Qc4 23. Qf2 Re2 24. Qf3 Re5 25. fxg6 Rxg5 26. Rxf7 Rxf7 27. gxf7+ Kf8 28. Qh3 Qg4 29. Qxg4 Rxg4 30. h3 Rxa4 31. Rd1 Kxf7 32. Rd6 Ra1+ 33. Kh2 Be5+ 0-1


[Site "https://www.chess.com"]

[Event "Titled Tuesday Blitz October 31 Early 2023"]
[White "Antonio, Jorge Carlos"]
[Black "MFatigue"]
[WhiteFideId "113190"]
[WhiteElo "2312"]
[BlackElo "2486"]
[Result "1/2-1/2"]
[Round "4"]
[TimeControl "180+1"]
[Date "2023.10.31"]
[WhiteClock "0:00:41"]
[BlackClock "0:00:10"]
[Board "133"]

1. d4 d5 2. Nf3 Nf6 3. Bf4 e6 4. e3 c5 5. c3 Bd6 6. Bxd6 Qxd6 7. Ne5 Nc6 8. f4 Ne4 9. Nd2 Nxd2 10. Qxd2 f6 11. Nxc6 bxc6 12. Be2 O-O 13. O-O Bd7 14. Rf3 e5 15. fxe5 fxe5 16. Raf1 cxd4 17. cxd4 c5 18. dxe5 Qxe5 19. Rxf8+ Rxf8 20. Rxf8+ Kxf8 21. Bf3 Be6 22. h3 Ke7 23. Qa5 Qxe3+ 24. Kh1 c4 25. Qc7+ Kf6 26. Qd8+ Ke5 27. Qc7+ Kd4 28. Qxa7+ Kd3 29. Qxg7 d4 30. Qxh7+ Kd2 31. Qb1 Qe1+ 32. Qxe1+ Kxe1 33. a4 d3 34. a5 d2 35. h4 Bd5 36. Bg4 Kf2 37. Kh2 Bxg2 38. a6 Bf3 39. Bxf3 Kxf3 40. a7 d1=Q 41. a8=Q+ Ke3 42. Qe8+ Kf4 43. Qf7+ Kg4 44. Qg6+ Kxh4 45. Qh6+ Kg4 46. Qg6+ Kf4 47. Qf7+ Ke3 48. Qxc4 Qh5+ 49. Kg3 Qg5+ 50. Qg4 Qxg4+ 51. Kxg4 Kd4 52. Kf3 Kc4 53. Ke3 Kb3 54. Kd3 Kxb2 1/2-1/2


[Site "https://www.chess.com"]

[Event "Titled Tuesday Blitz October 31 Early 2023"]
[White "Babarsik1977"]
[Black "Kopczynski, Michal"]
[BlackFideId "1124200"]
[WhiteElo "2311"]
[BlackElo "2476"]
[Result "0-1"]
[Round "4"]
[TimeControl "180+1"]
[Date "2023.10.31"]
[WhiteClock "0:01:44"]
[BlackClock "0:02:33"]
[Board "134"]

1. e4 b6 2. d4 Bb7 3. Nc3 e6 4. f4 Nf6 5. Bd3 d5 6. e5 Ne4 7. Qe2 Qh4+ 8. Kf1 Ng3+ 9. hxg3 Qxh1 10. Be3 c5 11. Nb5 c4 12. Nc7+ Kd8 13. Nxa8 cxd3 14. Qxd3 Ba6 0-1


[Site "https://www.chess.com"]

[Event "Titled Tuesday Blitz October 31 Early 2023"]
[White "Martins, Bruno Andre Leite"]
[Black "Novikova, Anna"]
[WhiteFideId "1942255"]
[BlackFideId "4146794"]
[WhiteElo "2475"]
[BlackElo "2311"]
[Result "1-0"]
[Round "4"]
[TimeControl "180+1"]
[Date "2023.10.31"]
[WhiteClock "0:00:26"]
[BlackClock "0:00:00"]
[Board "135"]

1. Nc3 Nf6 2. e4 e5 3. Nf3 Nc6 4. a3 d5 5. Bb5 Nxe4 6. O-O Nxc3 7. dxc3 e4 8. Ne5 Qd6 9. Bf4 a6 10. Ba4 b5 11. Nxc6 Qxc6 12. Bb3 Bb7 13. Qg4 h5 14. Qg3 O-O-O 15. a4 g5 16. Bxg5 Rg8 17. Qh3+ Rd7 18. Be3 Qe6 19. Qxe6 fxe6 20. axb5 axb5 21. f3 exf3 22. Rxf3 Rdg7 23. Rf2 Bd6 24. Re1 h4 25. Bd4 Rg6 26. Kf1 Bxh2 27. Be5 Bg3 28. Bxg3 hxg3 29. Rfe2 Rf8+ 30. Kg1 Rgf6 31. Rxe6 Rf2 32. Rg6 d4 33. Rxg3 dxc3 34. bxc3 c5 35. Be6+ Kc7 36. Bh3 Rxc2 37. Re7+ 1-0


[Site "https://www.chess.com"]

[Event "Titled Tuesday Blitz October 31 Early 2023"]
[White "Tikhonov, Viacheslav"]
[Black "Schut, Han"]
[WhiteFideId "44196407"]
[BlackFideId "1005561"]
[WhiteElo "2471"]
[BlackElo "2304"]
[Result "1-0"]
[Round "4"]
[TimeControl "180+1"]
[Date "2023.10.31"]
[WhiteClock "0:00:21"]
[BlackClock "0:00:10"]
[Board "136"]

1. e4 c5 2. Nf3 d6 3. Nc3 Nf6 4. e5 dxe5 5. Nxe5 Nbd7 6. d4 Nxe5 7. dxe5 Qxd1+ 8. Kxd1 Ng4 9. Bb5+ Bd7 10. e6 Bxb5 11. Nxb5 O-O-O+ 12. Ke2 a6 13. Nc3 fxe6 14. Na4 c4 15. Nb6+ Kc7 16. Nxc4 e5 17. h3 Rd4 18. Nd2 Nf6 19. Nf3 Rc4 20. c3 e4 21. Ne5 Rc5 22. Bf4 Kc8 23. Nf7 Rg8 24. Rhd1 Nd5 25. Bg3 e6 26. Rd4 Rb5 27. Rb1 Nxc3+ 28. bxc3 Rxb1 29. Rd8# 1-0


[Site "https://www.chess.com"]

[Event "Titled Tuesday Blitz October 31 Early 2023"]
[White "LouieKov2022"]
[Black "Shapiro, Daniel"]
[BlackFideId "2001780"]
[WhiteElo "2466"]
[BlackElo "2304"]
[Result "1-0"]
[Round "4"]
[TimeControl "180+1"]
[Date "2023.10.31"]
[WhiteClock "0:00:46"]
[BlackClock "0:00:03"]
[Board "137"]

1. e4 c5 2. Nf3 Nc6 3. d4 cxd4 4. Nxd4 Nf6 5. Nc3 d6 6. Bg5 Qb6 7. Ndb5 a6 8. Bxf6 gxf6 9. Nd5 Qa5+ 10. Nbc3 Bg7 11. Qd2 f5 12. exf5 Bxf5 13. Bd3 Bg6 14. O-O e6 15. Rfe1 O-O 16. Ne3 d5 17. Ng4 d4 18. Ne4 Bxe4 19. Qxa5 Nxa5 20. Rxe4 f5 21. Rxe6 fxg4 22. Rae1 Bf6 23. Rb6 Rae8 24. Kf1 Rxe1+ 25. Kxe1 Re8+ 26. Kd1 Bd8 27. Rh6 Re7 28. Rd6 Bc7 29. Rxd4 h5 30. Rd5 Bb6 31. Rxh5 Nc6 32. Rg5+ Rg7 33. Bc4+ Kf8 34. Rf5+ Ke7 35. Be2 Nd4 36. Re5+ Kd6 37. Re4 Nxe2 38. Kxe2 Re7 39. Rxe7 Kxe7 40. f3 gxf3+ 41. Kxf3 Kf6 42. h4 Bd4 43. c3 Be5 44. g4 b5 45. Ke4 Bg3 46. h5 Kg5 47. Kd5 Bf4 48. Kc6 Kxg4 49. Kb6 Bc1 50. b3 Bb2 51. h6 Bxc3 52. Kxa6 b4 53. h7 Kh5 54. Kb5 Kh6 55. Kc4 Kxh7 56. a4 Kg7 57. a5 Be5 58. Kxb4 Kf7 59. Kc5 Bb8 60. Kc6 Ke6 61. b4 Be5 62. b5 Bc3 63. a6 Bd4 64. b6 Bxb6 65. Kxb6 Kd6 66. a7 Kd5 67. a8=Q+ Kc4 1-0


[Site "https://www.chess.com"]

[Event "Titled Tuesday Blitz October 31 Early 2023"]
[White "Rangel, Daniel"]
[Black "Limontaite, Simona"]
[WhiteFideId "2124475"]
[BlackFideId "12802506"]
[WhiteElo "2465"]
[BlackElo "2304"]
[Result "1-0"]
[Round "4"]
[TimeControl "180+1"]
[Date "2023.10.31"]
[WhiteClock "0:00:18"]
[BlackClock "0:00:11"]
[Board "138"]

1. c4 e5 2. Nc3 Nc6 3. e4 g6 4. Nf3 Bg7 5. d3 d6 6. Be2 h6 7. O-O Be6 8. d4 exd4 9. Nb5 Nf6 10. Nfxd4 Nxd4 11. Nxd4 Bd7 12. Bd3 O-O 13. h3 Re8 14. f3 Nh5 15. Nc2 Qh4 16. Qe1 Ng3 17. Be3 g5 18. Bf2 Be5 19. Ne3 c6 20. Rd1 Qf4 21. Bxg3 Qxg3 22. Qxg3 Bxg3 23. Ng4 Kg7 24. b3 Be6 25. Bc2 a5 26. a4 Rab8 27. Ne3 h5 28. Rd3 Bf4 29. Kf2 b5 30. cxb5 cxb5 31. Nd5 Bxd5 32. exd5 b4 33. Bd1 Rbc8 34. g3 Be5 35. Kg2 Bc3 36. f4 gxf4 37. Rxf4 Re5 38. h4 Rce8 39. Rdf3 R8e7 40. Rf2 Rxd5 41. Bf3 Rd2 42. Bxh5 Rxf2+ 43. Rxf2 f6 44. Bg4 d5 45. Bf5 d4 46. Rf3 Re2+ 47. Kh3 Rb2 48. Be6 Re2 49. Bc4 Re1 50. h5 Re3 51. Kg4 Rxf3 52. Kxf3 Kh6 53. g4 Kg5 54. Bd3 Bd2 55. Bf5 Bc3 56. Ke4 Kh6 57. Kd3 Kg5 58. Kc4 Kh6 59. Kb5 Kg5 60. Kxa5 d3 61. Bxd3 Kxg4 62. h6 f5 63. h7 f4 64. Kb5 f3 65. a5 f2 66. a6 Kf4 67. a7 Ke3 68. Bf1 Kd2 69. a8=Q Kc2 70. Qe4+ 1-0


[Site "https://www.chess.com"]

[Event "Titled Tuesday Blitz October 31 Early 2023"]
[White "Ng, Gary"]
[Black "Devaev, Alexander"]
[WhiteFideId "2604914"]
[BlackFideId "4169395"]
[WhiteElo "2276"]
[BlackElo "2458"]
[Result "0-1"]
[Round "4"]
[TimeControl "180+1"]
[Date "2023.10.31"]
[WhiteClock "0:00:00"]
[BlackClock "0:00:17"]
[Board "140"]

1. d4 Nf6 2. Bf4 e6 3. e3 b6 4. Qf3 c6 5. Nd2 Bb7 6. Be2 Be7 7. Qg3 O-O 8. Bd6 c5 9. c3 Bxd6 10. Qxd6 Bxg2 11. Bf3 Bxh1 12. Bxh1 Nc6 13. dxc5 bxc5 14. Qxc5 Rb8 15. O-O-O Qe7 16. Qg5 d5 17. Ngf3 h6 18. Qg3 Ne4 19. Nxe4 dxe4 20. Nd2 f5 21. Rg1 Rf7 22. Nc4 Rd8 23. Qg6 Qf6 24. Qg3 Rfd7 25. f3 exf3 26. Bxf3 Ne7 27. Ne5 Rd6 28. Bh5 Rf8 29. Ng6 Rfd8 30. Ne5 Rd5 31. Nc4 Kh7 32. Bf3 R5d7 33. Ne5 Rd6 34. Bh5 Rd5 35. Nf3 e5 36. Nh4 f4 37. exf4 Qxf4+ 38. Qxf4 exf4 39. Bf3 g5 40. Bxd5 Nxd5 41. Nf5 Ne3 42. Nxe3 fxe3 43. Re1 Re8 44. Kc2 Kg6 45. Kd3 Kf5 46. Rxe3 Rd8+ 47. Ke2 Kf4 48. Rf3+ Kg4 49. Rg3+ Kf4 50. Rf3+ Kg4 51. Rg3+ Kh4 52. c4 g4 53. c5 Rd5 54. b4 Re5+ 55. Kd2 Re4 56. a3 h5 57. c6 Rd4+ 0-1


[Site "https://www.chess.com"]

[Event "Titled Tuesday Blitz October 31 Early 2023"]
[White "hsd2016"]
[Black "Pinto, Daniel"]
[BlackFideId "3303144"]
[WhiteElo "2270"]
[BlackElo "2457"]
[Result "0-1"]
[Round "4"]
[TimeControl "180+1"]
[Date "2023.10.31"]
[WhiteClock "0:00:04"]
[BlackClock "0:00:12"]
[Board "141"]

1. Nf3 c5 2. g3 Nc6 3. Bg2 g6 4. O-O Bg7 5. c4 e5 6. Nc3 Nge7 7. d3 O-O 8. Ne1 d6 9. Nc2 Be6 10. e4 Rb8 11. Ne3 a6 12. Ned5 b5 13. cxb5 axb5 14. f4 b4 15. Ne2 Bg4 16. Nxe7+ Qxe7 17. h3 Bxe2 18. Qxe2 Nd4 19. Qf2 exf4 20. Bxf4 b3 21. axb3 Rxb3 22. Rfd1 Rxb2 23. Qf1 Ne2+ 24. Kh1 g5 25. Be3 Nxg3+ 26. Kh2 Nxf1+ 27. Rxf1 Rxg2+ 28. Kxg2 Bxa1 29. Rxa1 0-1


[Site "https://www.chess.com"]

[Event "Titled Tuesday Blitz October 31 Early 2023"]
[White "Mora Moron, Jose Ramon"]
[Black "PoXerStar"]
[WhiteFideId "3902994"]
[WhiteElo "2258"]
[BlackElo "2453"]
[Result "1-0"]
[Round "4"]
[TimeControl "180+1"]
[Date "2023.10.31"]
[WhiteClock "0:00:05"]
[BlackClock "0:00:00"]
[Board "142"]

1. e4 Nf6 2. e5 Nd5 3. d4 d6 4. Be2 Nb6 5. Nf3 Nc6 6. exd6 cxd6 7. O-O g6 8. c3 Bg7 9. Re1 O-O 10. Na3 d5 11. Bg5 h6 12. Bh4 g5 13. Bg3 f5 14. Be5 g4 15. Bxg7 gxf3 16. Bxf8 fxe2 17. Qxe2 Qxf8 18. Nb5 Bd7 19. Nc7 Rc8 20. Ne6 Qf6 21. Nc5 e5 22. dxe5 Nxe5 23. Qxe5 Qxe5 24. Rxe5 Rxc5 25. Re7 Rc7 26. a4 Nc8 27. Re5 Kf7 28. Rxd5 Be6 29. Rd4 Ne7 30. Re1 Nc6 31. Rh4 Rd7 32. Rxh6 Re7 33. Rh7+ Kf6 34. Rxe7 Nxe7 35. h4 a5 36. f4 Bb3 37. Re5 Nc6 38. Rb5 Bxa4 39. Rxb7 Ne7 40. Rb6+ Kf7 41. Ra6 Bd7 42. Rxa5 Be6 43. Kf2 Ng6 44. g3 Ne7 45. h5 Nd5 46. Ra6 Nf6 47. h6 Ne4+ 48. Kf3 Bc4 49. Ra7+ Kg6 50. h7 Nd2+ 51. Kg2 Ne4 52. h8=Q 1-0


[Site "https://www.chess.com"]

[Event "Titled Tuesday Blitz October 31 Early 2023"]
[White "Herman, Daniel"]
[Black "Ruge, Edison"]
[WhiteFideId "30935008"]
[BlackFideId "4401000"]
[WhiteElo "2449"]
[BlackElo "2256"]
[Result "1-0"]
[Round "4"]
[TimeControl "180+1"]
[Date "2023.10.31"]
[WhiteClock "0:00:06"]
[BlackClock "0:00:00"]
[Board "143"]

1. d4 d5 2. c4 e5 3. dxe5 d4 4. Nf3 Nc6 5. a3 Bg4 6. Nbd2 a5 7. h3 Bh5 8. g4 Bg6 9. Bg2 h5 10. Nf1 hxg4 11. hxg4 Rxh1 12. Bxh1 Qd7 13. N1h2 O-O-O 14. Bf4 d3 15. e3 Nh6 16. Nd2 Re8 17. Qa4 Nxg4 18. Bxc6 bxc6 19. Qxa5 Kb7 20. Nhf3 Ra8 21. Qc3 Bc5 22. b4 Be7 23. a4 Bh5 24. a5 Nh6 25. Nd4 Qh3 26. Qxd3 Qh1+ 27. Qf1 Qxf1+ 28. Kxf1 Bxb4 29. N2b3 c5 30. Nb5 Bf3 31. e6 fxe6 32. Bxc7 Kc6 33. Bh2 Nf5 34. a6 Rh8 35. Kg1 1-0


[Site "https://www.chess.com"]

[Event "Titled Tuesday Blitz October 31 Early 2023"]
[White "MMAHDI2013"]
[Black "parintele_chess"]
[WhiteElo "2447"]
[BlackElo "2248"]
[Result "1-0"]
[Round "4"]
[TimeControl "180+1"]
[Date "2023.10.31"]
[WhiteClock "0:00:25"]
[BlackClock "0:00:00"]
[Board "144"]

1. c4 c5 2. Nf3 Nf6 3. b3 g6 4. Bb2 Bg7 5. g3 O-O 6. Bg2 Nc6 7. O-O d5 8. cxd5 Nxd5 9. Bxg7 Kxg7 10. d4 cxd4 11. Nxd4 Nxd4 12. Qxd4+ Nf6 13. Qe5 Kg8 14. Nc3 Ng4 15. Qc5 b6 16. Qc6 Rb8 17. Rfd1 Qe8 18. Nb5 Qxc6 19. Bxc6 a6 20. Nc7 Ne5 21. Bg2 Bb7 22. Bxb7 Rxb7 23. Nxa6 Ra7 24. Nb4 Rfa8 25. f4 Ng4 26. h3 Ne3 27. Rd3 Nf5 28. e4 Nd6 29. e5 Nf5 30. Rad1 h5 31. g4 hxg4 32. hxg4 Nh6 33. g5 Nf5 34. Rd7 Rxd7 35. Rxd7 Rc8 36. Rb7 Rc1+ 37. Kf2 Kg7 38. Rxb6 e6 39. a4 Rb1 40. Nc6 Rb2+ 41. Kf3 Nh4+ 42. Ke4 Nf5 43. a5 Rg2 44. Kd3 Rg3+ 45. Kc4 Rf3 46. a6 Rxf4+ 47. Kc5 Ne3 48. a7 1-0


[Site "https://www.chess.com"]

[Event "Titled Tuesday Blitz October 31 Early 2023"]
[White "Kiseleva, Arina"]
[Black "Liu, Casper"]
[WhiteFideId "4164989"]
[BlackFideId "1454153"]
[WhiteElo "2236"]
[BlackElo "2444"]
[Result "0-1"]
[Round "4"]
[TimeControl "180+1"]
[Date "2023.10.31"]
[WhiteClock "0:00:04"]
[BlackClock "0:00:13"]
[Board "145"]

1. d4 Nf6 2. Nf3 g6 3. Nbd2 Bg7 4. b3 O-O 5. Bb2 Na6 6. e3 c5 7. Bxa6 bxa6 8. dxc5 Qa5 9. a4 Qxc5 10. Ba3 Qh5 11. Bxe7 Re8 12. Bxf6 Bxf6 13. Nd4 Bxd4 14. Qxh5 gxh5 15. Rd1 d5 16. Nf3 Bc3+ 17. Ke2 a5 18. Rxd5 Ba6+ 19. Kd1 Rad8 20. Rxd8 Rxd8+ 21. Kc1 Bb7 22. Rg1 Kf8 23. Ng5 Rd2 24. f3 Kg7 25. Nh3 h4 26. Nf4 Rf2 27. Nd3 Re2 28. e4 Bd4 29. Kd1 Rxc2 30. Kxc2 Bxg1 31. h3 Ba6 32. Nf4 Bf1 33. Kd1 Bh2 34. Ke1 Bxf4 35. Kxf1 Kf6 36. Ke2 Ke5 37. Kd3 Bc1 38. Kc4 Kf4 39. Kb5 Bd2 40. e5 Kxe5 41. Ka6 Kf4 42. Kxa7 Kg3 43. Kb6 Kxg2 44. Kc6 Kxh3 45. Kd5 Kg3 46. Ke4 h3 47. b4 axb4 48. a5 h2 49. a6 h1=Q 0-1


[Site "https://www.chess.com"]

[Event "Titled Tuesday Blitz October 31 Early 2023"]
[White "Rios Escobar, Adan"]
[Black "Tharushi, T H D Niklesha"]
[WhiteFideId "3403645"]
[BlackFideId "9918264"]
[WhiteElo "2443"]
[BlackElo "2234"]
[Result "1-0"]
[Round "4"]
[TimeControl "180+1"]
[Date "2023.10.31"]
[WhiteClock "0:00:16"]
[BlackClock "0:00:02"]
[Board "146"]

1. d4 Nf6 2. c4 e6 3. Nf3 Bb4+ 4. Nbd2 O-O 5. g3 b6 6. Bg2 Bb7 7. O-O Be7 8. Qc2 d6 9. g4 Nxg4 10. Ng5 Bxg5 11. Bxb7 Nd7 12. Bxa8 Bxd2 13. Bxd2 Qh4 14. Bf4 Rxa8 15. Bg3 Qh3 16. Qe4 Rb8 17. b4 Ndf6 18. Qg2 Qxg2+ 19. Kxg2 Ne4 20. h3 Ngf6 21. f3 Nd2 22. Rfc1 d5 23. cxd5 Nxd5 24. Kf2 b5 25. Bxc7 Rc8 26. Bf4 Nc4 27. Bd2 Rd8 28. Ke1 h6 29. a4 Nxd2 30. Kxd2 Nxb4 31. axb5 Rxd4+ 32. Kc3 Rh4 33. e4 Rxh3 34. Kxb4 Rxf3 35. Rxa7 Re3 36. b6 Rxe4+ 37. Rc4 Re1 38. Kb5 Kh7 39. Rxf7 h5 40. b7 h4 41. b8=Q Rb1+ 42. Rb4 Rxb4+ 43. Kxb4 h3 44. Qg3 1-0


[Site "https://www.chess.com"]

[Event "Titled Tuesday Blitz October 31 Early 2023"]
[White "Witty_Alien"]
[Black "Rosh Jain"]
[BlackFideId "25789465"]
[WhiteElo "2230"]
[BlackElo "2440"]
[Result "1/2-1/2"]
[Round "4"]
[TimeControl "180+1"]
[Date "2023.10.31"]
[WhiteClock "0:00:05"]
[BlackClock "0:00:05"]
[Board "147"]

1. e4 c5 2. Nf3 d6 3. d4 cxd4 4. c3 Nf6 5. Bd3 dxc3 6. O-O g6 7. Nxc3 Bg7 8. Bg5 O-O 9. Rc1 Nc6 10. Re1 Bg4 11. h3 Bxf3 12. Qxf3 Ne5 13. Qg3 Nh5 14. Qe3 h6 15. Bh4 Nxd3 16. Qxd3 Nf4 17. Qe3 Ne6 18. Nd5 g5 19. Bg3 Bxb2 20. e5 Bxc1 21. Rxc1 dxe5 22. Qxe5 Re8 23. h4 Qd7 24. Rc4 Rac8 25. Rg4 Nf8 26. f3 Ng6 27. Qd4 Qe6 28. hxg5 h5 29. Re4 Qf5 30. Be1 Rc1 31. Nf6+ exf6 32. Rxe8+ Kg7 33. gxf6+ Qxf6 34. Rg8+ Kxg8 35. Qxf6 Rxe1+ 36. Kf2 Re6 37. Qd8+ Kh7 38. Qd7 Re7 39. Qd3 Kh6 40. Qd2+ Kg7 41. Qb2+ Kg8 42. Qb5 h4 43. a4 a6 44. Qb4 Kg7 45. Qb2+ Kf8 46. Qb4 Ke8 47. Qg4 Kd8 48. Qd4+ Kc7 49. a5 Kc6 50. Qb6+ Kd5 51. Kg1 Kc4 52. Kh2 Kd3 53. Qb3+ Kd4 54. Qb2+ Kc4 55. Qb6 Kd5 56. Qf6 Kc5 57. Qb6+ Kc4 58. Qb2 Kd3 59. f4 Ke4 60. f5 Kxf5 61. Qf2+ Kg5 62. Qd2+ Kh5 63. Qd5+ Kh6 64. Qd8 Kg7 65. Qd4+ Kf8 66. Qd8+ Kg7 67. Qd4+ Kh7 68. Qd5 Kh6 69. Qd4 Kg5 70. Qd5+ Kg4 71. Qd4+ Kf5 72. Qd5+ Kf6 73. Qd6+ Re6 74. Qd8+ Re7 75. Qd4+ Ke6 76. Qe4+ Kd6 77. Qd4+ Kc7 78. Qb6+ Kb8 79. Qd8+ Ka7 80. Qb6+ Kb8 81. Qd8+ Ka7 82. Kh3 Re3+ 83. Kg4 Rg3+ 84. Kf5 Rxg2 85. Qb6+ Ka8 86. Qd8+ Ka7 87. Qd4+ Ka8 88. Qd8+ Ka7 1/2-1/2


[Site "https://www.chess.com"]

[Event "Titled Tuesday Blitz October 31 Early 2023"]
[White "Jimenez Fernandez, Rebeca"]
[Black "Juicy_Fork"]
[WhiteFideId "32070934"]
[WhiteElo "2227"]
[BlackElo "2439"]
[Result "1-0"]
[Round "4"]
[TimeControl "180+1"]
[Date "2023.10.31"]
[WhiteClock "0:00:08"]
[BlackClock "0:00:05"]
[Board "148"]

1. e4 e5 2. d4 exd4 3. Qxd4 Nc6 4. Qe3 Nf6 5. Nc3 Bb4 6. Bd2 O-O 7. O-O-O Re8 8. Bc4 d6 9. Nf3 Be6 10. Bd3 a5 11. Ng5 a4 12. a3 Bc5 13. Qg3 Ne5 14. Nxe6 Rxe6 15. Bg5 h6 16. Bh4 c6 17. f4 Nxd3+ 18. cxd3 Bd4 19. Ne2 c5 20. Nxd4 cxd4 21. Kb1 Ra5 22. Rhe1 Qe7 23. f5 Ree5 24. Qf2 d5 25. Bg3 dxe4 26. Bxe5 Rxe5 27. dxe4 Rxe4 28. Rxe4 Qxe4+ 29. Ka1 d3 30. Qd2 Qxf5 31. Qxd3 Qf2 32. Qd8+ Kh7 33. Qd3+ Kh8 34. Qf3 Qb6 35. Qf5 Qc7 36. Re1 Qc6 37. Rd1 g6 38. Qe5 Kg7 39. Rf1 b5 40. g4 b4 41. h4 bxa3 42. g5 axb2+ 43. Qxb2 hxg5 44. hxg5 a3 45. Qxf6+ Kg8 46. Qxc6 1-0


[Site "https://www.chess.com"]

[Event "Titled Tuesday Blitz October 31 Early 2023"]
[White "Mindhunter08"]
[Black "Rodriguez Dominguez, Melissa"]
[BlackFideId "3517560"]
[WhiteElo "2436"]
[BlackElo "2204"]
[Result "1-0"]
[Round "4"]
[TimeControl "180+1"]
[Date "2023.10.31"]
[WhiteClock "0:00:35"]
[BlackClock "0:00:00"]
[Board "149"]

1. e4 c5 2. Nf3 e6 3. g3 a6 4. Bg2 b5 5. O-O Bb7 6. Re1 Be7 7. c3 Nf6 8. e5 Nd5 9. d3 Nc6 10. Nbd2 Qc7 11. Qe2 O-O-O 12. a4 b4 13. c4 Nb6 14. a5 Na8 15. Nb3 d5 16. Bf4 d4 17. h4 Qd7 18. Nfd2 Nc7 19. Ne4 f5 20. Nd6+ Bxd6 21. exd6 e5 22. dxc7 Rde8 23. Nxc5 Qxc7 24. Bd2 e4 25. Bf4 Qe7 26. Nxb7 Qxb7 27. dxe4 fxe4 28. Bxe4 Qd7 29. Qf3 Ne7 30. c5 1-0


[Site "https://www.chess.com"]

[Event "Titled Tuesday Blitz October 31 Early 2023"]
[White "Mishra, Manoj"]
[Black "Kostiukov, Alexandr"]
[WhiteFideId "5006007"]
[BlackFideId "14108100"]
[WhiteElo "2182"]
[BlackElo "2429"]
[Result "0-1"]
[Round "4"]
[TimeControl "180+1"]
[Date "2023.10.31"]
[WhiteClock "0:00:03"]
[BlackClock "0:00:11"]
[Board "150"]

1. d4 g6 2. h4 Nf6 3. Nc3 c5 4. d5 d6 5. e4 Bg7 6. Be2 h6 7. Be3 a6 8. a4 Qa5 9. Nf3 Nxe4 10. Nd2 Nxc3 11. bxc3 Bxc3 12. Kf1 Bg7 13. Nc4 Qc7 14. a5 Nd7 15. Rb1 O-O 16. h5 g5 17. Qd2 Nf6 18. Bxg5 Ne4 19. Bxh6 Nxd2+ 20. Bxd2 Bf5 21. h6 Bf6 22. h7+ Bxh7 23. Rb3 Bxc2 24. Rg3+ Bg6 25. f4 Qd7 26. Bg4 Qb5 27. Be2 Qb1+ 28. Be1 Qe4 29. Nb6 Qxf4+ 30. Rf3 Qc1 31. Nd7 Bd4 32. g4 Kg7 33. Kg2 Qg5 34. Rg3 Be4+ 35. Bf3 Bxf3+ 36. Kxf3 Rh8 37. Rgh3 Qe3+ 38. Kg2 Rxh3 39. Rxh3 Qxe1 0-1


[Site "https://www.chess.com"]

[Event "Titled Tuesday Blitz October 31 Early 2023"]
[White "crazy_m_attack"]
[Black "MIM06"]
[WhiteElo "2426"]
[BlackElo "2181"]
[Result "0-1"]
[Round "4"]
[TimeControl "180+1"]
[Date "2023.10.31"]
[WhiteClock "0:00:02"]
[BlackClock "0:00:05"]
[Board "152"]

1. e4 c6 2. d4 d5 3. Nc3 dxe4 4. Nxe4 Nf6 5. Nxf6+ exf6 6. c3 Bd6 7. Bd3 Na6 8. Ne2 Nc7 9. a3 Bg4 10. c4 O-O 11. O-O Re8 12. Be3 Ne6 13. Qd2 Bc7 14. d5 Qd6 15. g3 Rad8 16. Nc3 Nc5 17. Bc2 Nd7 18. Ne4 Qf8 19. d6 Ne5 20. Qb4 a5 21. Qxb7 Bxd6 22. Nxd6 Qxd6 23. Be4 Rb8 24. Qa6 f5 25. Bg2 Rxb2 26. Rac1 Nd3 27. Qxa5 Nxc1 28. Bxc1 Rc2 29. Bf4 Qe6 30. Qa4 Re2 31. Qxc6 Re1 32. Qxe6 Rxf1+ 33. Bxf1 fxe6 34. h3 e5 35. Be3 Bh5 36. Bg2 Bf7 37. c5 Rc8 38. c6 Be8 39. Bb6 Bxc6 40. Bf1 Bd5 41. a4 Kf7 42. Kh2 Ke6 43. a5 Ra8 44. Bc7 g6 45. h4 Bf3 46. Bc4+ Bd5 47. Bb5 h6 48. Kh3 g5 49. hxg5 hxg5 50. Kh2 Rh8+ 51. Kg1 Rh1# 0-1


[Site "https://www.chess.com"]